 Dungeon Crawl Stone Soup version 0.27-a0-909-g0721f309d1 (webtiles) character file.

Game seed: 7824892560237788348

18 dmks the Conjurer (level 2, 0/20 HPs)
             Began as a Draconian Conjurer on Apr 8, 2021.
             Was a Plaything of Xom.
             Slain by a phantom (7 damage)
             ... on level 1 of the Dungeon.
             The game lasted 00:03:24 (1205 turns).

dmks the Conjurer (Draconian Conjurer)              Turns: 1205, Time: 00:03:24

Health: 0/20       AC:  7    Str:  9    XL:     2   Next: 48%
Magic:  0/5        EV: 12    Int: 18    God:    Xom [..*...]
Gold:   58         SH:  0    Dex:  9    Spells: 4/5 levels left

rFire    . . .     SeeInvis .   (no weapon)
rCold    . . .     Faith    .   (no shield)
rNeg     . . .     Spirit   .   (armour unavailable)
rPois    .         Reflect  .   (helmet restricted)
rElec    .         Harm     .   (no cloak)
rCorr    .         Rampage  .   (no gloves)
Will     .....                  b - +2 pair of boots
Stlth    ++........             (no amulet)
HPRegen  0.06/turn              (no ring)
MPRegen  0.09/turn              (no ring)

@: brilliant
A: AC +4, unfitting armour, cold-blooded
a: Renounce Religion


You were on level 1 of the Dungeon.
You worshipped Xom.
You were a toy of Xom.
You visited 1 branch of the dungeon, and saw 2 of its levels.

You collected 58 gold pieces.

Inventory:

Armour
 b - a +2 pair of boots (worn)
   (You found it on level 2 of the Dungeon)


   Skills:
 + Level 2.0 Dodging
 + Level 2.0 Stealth
 * Level 2.3 Spellcasting
 * Level 4.2 Conjurations


You had 4 spell levels left.
You knew the following spells:

 Your Spells              Type           Power      Damage    Failure   Level
a - Magic Dart            Conj           100%       1d8       3%          1

Your spell library contained the following spells:

 Spells                   Type           Power      Damage    Failure   Level
 Searing Ray              Conj           52%        3d5       4%          2
 Dazzling Flash           Conj/Hex       28%        N/A       22%         3
 Fulminant Prism          Conj/Hex       7%         3d7       58%         4
 Iskenderun's Mystic Bla  Conj/Tloc      14%        2d5       58%         4


Dungeon Overview and Level Annotations

Branches:
Dungeon (2/15)

Altars:
Xom


Innate Abilities, Weirdness & Mutations

Your plain brown scales are hard. (AC +4)
You cannot fit into any form of body armour.
You are cold-blooded and may be slowed by cold attacks.


Message History

You see here a +0 whip.
A bat comes into view.
The bat closely misses you. The bat hits you but does no damage.
The bat hits you but does no damage. The bat closely misses you.
The bat hits you but does no damage. The bat closely misses you.
The bat hits you but does no damage. "Let's try an experiment, hmmm?"
You compulsively click the heels of your boots together three times.
You are now a special plaything of Xom.
The bat barely misses you. "Forecast: mostly cloudy."
You are now a toy of Xom.
The bat closely misses you.
There is a stone staircase leading up here.
The phantom closely misses you.
You climb upwards.
There is a stone staircase leading down here.
Aim: a phantom (moderately damaged, 0% to evade)
You feel a surge of power!
The magic dart hits the phantom but does no damage.
The phantom hits you but does no damage.
Aim: a phantom (moderately damaged, 0% to evade)
You feel a surge of power!
The magic dart hits the phantom.
The phantom hits you.
Aim: a phantom (moderately damaged, 0% to evade)
You feel a surge of power!
The magic dart hits the phantom but does no damage. "Heh heh heh..."
The phantom looks rather confused.
The phantom hits you.
The phantom blinks!
You blink.
Aim: a phantom (moderately damaged, confused, 0% to evade)
You feel a surge of power!
The magic dart hits the phantom.
The phantom completely misses you.
You don't have enough magic to cast this spell.
You don't have enough magic to cast this spell.
The phantom seems less confused.
The phantom hits you!
* * * LOW HITPOINT WARNING * * *
The phantom blinks!
You blink.
Xom opens a gate.
Your ufetubus closely misses the phantom. x2
Your ufetubus hits the phantom. x2
Aim: a phantom (severely damaged, ally target, 0% to evade)
You feel a surge of power!
The magic dart hits the phantom but does no damage.
The phantom hits you!
You die...
Xom laughs nastily!

#....#.####.#.......
#....#.# #.#.#.####
#....#.# #.#....#
#....#'####......###
#......[..####......
#..................#
#..........(...#...#
###.#.5....##.##.##.#
#..>@W.....'.........
###.##.....###.._....
#........+...#.....
###......##..#####.
#...#####......#.
###.#####.####.#.
#....)....#......
######.#.#######.#.###
#........# #.#.#


You could see a phantom (ally target) and a friendly ufetubus (summoned).

Vanquished Creatures
  5 bats (D:1)
  3 endoplasms
  2 hobgoblins (D:1)
  2 ball pythons
  2 kobolds (D:1)
  2 rats
16 creatures vanquished.

Notes
Turn   | Place    | Note
-------+----------+-------------------------------------------
     0 | D:1      | dmks the Draconian Conjurer began the quest for the Orb.
     0 | D:1      | Reached XP level 1. HP: 14/14 MP: 3/3
   287 | D:1      | Reached XP level 2. HP: 16/20 MP: 3/5
   782 | D:1      | Found a faded altar of an unknown god.
   973 | D:1      | Became a worshipper of Xom of Chaos
  1001 | D:2      | XOM: silly message
  1027 | D:2      | XOM: divination: magic mapping
  1144 | D:2      | Noticed a phantom
  1154 | D:2      | XOM: potion effect (brilliance)
  1181 | D:2      | XOM: silly message
  1182 | D:2      | XOM: chaos cloud
  1194 | D:1      | XOM: confuse monster(s)
  1202 | D:1      | XOM: summons friendly ufetubus
  1205 | D:1      | Slain by a phantom

Illustrated notes

Levels and vault maps discovered:
D:1:      saegor_arrival_simple_c, layout_basic, basic_ecumenical_altar
D:2:      layout_basic

Skill      XL: |  1  2 |
---------------+-------+-----
Dodging        | 2 |  2.0
Stealth        | 2 |  2.0
Spellcasting   | |  2.3
Conjurations   | |  4.2

Action                   || total
-------------------------++-------
Melee: Unarmed           ||     3
 Cast: Magic Dart        ||    41
  Use: Scroll            ||     3
Armor: Skin              ||     5
Dodge: Dodged            ||     9

Table legend: (Time is in decaauts)
 A = Elapsed time spent in this place.
 B = Non-inter-level travel time spent in this place.
 C = Inter-level travel time spent in this place.
 D = Time resting spent in this place.
 E = Time spent auto-exploring this place.
 F = Levels seen in this place.
 G = Mean time per level.
                   A        B        C        D        E       F      G
               +--------+--------+--------+--------+--------+-----+--------+
         Total |   1205 |   1154 |     51 |    224 |    758 |   2 |  602.5 |
       Dungeon |   1205 |   1154 |     51 |    224 |    758 |   2 |  602.5 |
               +--------+--------+--------+--------+--------+-----+--------+

Top non-repeatable levels by time:
     D:1: 1003 daAuts
     D:2: 201 daAuts
